 Dungeon Sprint DCSS version 0.24-a0-243-g8f5f5cd (webtiles) character file.

Game seed: 9139559677707105867

35 MikeHunt the Cudgeler (level 3, -3/54 HPs)
             Began as an Ogre Gladiator on Apr 10, 2019.
             Slain by a worker ant (5 damage)
             ... in the Dungeon (Sprint IV: "Fedhas' Mad Dash").
             The game lasted 00:01:10 (118 turns).

MikeHunt the Cudgeler (Ogre Gladiator)               Turns: 118, Time: 00:01:11

Health: -3/54      AC:  3    Str: 23    XL:     3   Next: 35%
Magic:  3/3        EV: 10    Int:  9    God:
Gold:   0          SH:  0    Dex: 11    Spells: 2/2 levels left

rFire    . . .     SeeInvis .   a - +0 flail
rCold    . . .     Gourm    .   (no shield)
rNeg     . . .     Faith    .   b - +0 robe
rPois    .         Spirit   .   c - +0 hat
rElec    .         Reflect  .   (no cloak)
rCorr    .         Harm     .   (gloves unavailable)
MR       .....     NoTele   +   (boots unavailable)
Stlth    ..........             (no amulet)
HPRegen  0.18/turn              (no ring)
MPRegen  0.08/turn              (no ring)

@: berserking, very quick
A: large, unfitting armour, tough skin 1
a: no special abilities


You were in the Dungeon.
You were not hungry.

You visited 1 branch

Inventory:

Hand Weapons
 a - a +0 flail (weapon)
Missiles
 d - 3 throwing nets (quivered)
Armour
 b - a +0 robe (worn)
 c - a +0 hat (worn)
Scrolls
 k - a scroll of blinking
Potions
 e - a potion of curing
 g - a potion of heal wounds
 h - a potion of haste
 i - 2 potions of magic
Comestibles
 f - a ration
 l - a chunk of flesh {@w1}


   Skills:
 - Level 2.6 Fighting
 + Level 6.4 Maces & Flails
 - Level 2.0 Throwing
 - Level 2.6 Dodging


You had 2 spell levels left.
You didn't know any spells.
Your spell library was empty.

Dungeon Overview and Level Annotations

Branches:
Dungeon (1/1)

Altars:


Innate Abilities, Weirdness & Mutations

You are too large for most types of armour.
You have tough skin. (AC +1)


Message History

The oklob sapling is moderately damaged.
You hit the oklob sapling.
The oklob sapling is almost destroyed.
You hit the oklob sapling.
You destroy the oklob sapling!
Your Maces & Flails skill gained 2 levels and is now at level 6!
You have reached level 3!
Your experience leads to an increase in your attributes!
Increase (S)trength, (I)ntelligence, or (D)exterity?
You feel agile.
You feel stronger.
Found a scroll labeled FAUMOTULITZ and 3 javelins.
A worker ant comes into view.
The worker ant twitches its antennae in your direction.
Found the amulet of invisibility {+Inv}.
You see here 10 gold pieces.
A red film seems to cover your vision as you go berserk!
You feel yourself moving faster!
You feel mighty! The worker ant bites you!
* * * LOW HITPOINT WARNING * * *
The worker ant bites you.
You die...

##################
#<..P#.....#.@$$$#
#PP..รท.)...'.#a(.+
#PPPP#.....#.#"..#
###############+##


You could see a worker ant.

Vanquished Creatures
  An oklob sapling (D)
  A river rat (D)
  A rat (D)
3 creatures vanquished.

Notes
Turn   | Place    | Note
-------+----------+-------------------------------------------
     0 | D        | MikeHunt the Ogre Gladiator began the quest for the Orb.
     0 | D        | Reached XP level 1. HP: 22/22 MP: 1/1
     9 | D        | Reached skill level 4 in Maces & Flails
     9 | D        | Reached XP level 2. HP: 20/29 MP: 2/2
   105 | D        | Noticed an oklob sapling
   115 | D        | Killed an oklob sapling
   115 | D        | Reached skill level 6 in Maces & Flails
   115 | D        | Reached XP level 3. HP: 6/36 MP: 3/3
   118 | D        | Found the amulet of invisibility {+Inv}
   118 | D        | HP: 2/54 [worker ant (8)]
   118 | D        | Slain by a worker ant

Levels and vault maps discovered:
D:        dungeon_sprint_fedhas [sprint_temple]

Skill      XL: |  1  2 |
---------------+-------+-----
Maces & Flails | 4 6 |  6.4
Fighting       | |  2.6
Throwing       | |  2.0
Dodging        | |  2.6

Action                   || total
-------------------------++-------
Melee: Flail             ||    14
  Use: Potion            ||     1
Dodge: Dodged            ||     1

Table legend:
 A = Non-vault XP
 B = Vault XP
 C = Vault XP percentage of total XP
 D = Non-vault monster count
 E = Vault monster count
 F = Vault count percentage of total count
                 A         B        C        D         E       F
            +---------+---------+-------+---------+---------+-------
      Total |       0 |      51 | 100.0 |       0 |       3 | 100.0
            +---------+---------+-------+---------+---------+-------
          D |       0 |      51 | 100.0 |       0 |       3 | 100.0
            +---------+---------+-------+---------+---------+-------
